 Dungeon Crawl Stone Soup version 0.29-a0-334-gb41bcbb86e (webtiles) character file.

Game seed: 11250281041852271876

95 spaghetti the Ducker (level 4, -1/34 HPs)
             Began as a Demigod Artificer on Apr 13, 2022.
             Slain by a gnoll
             ... wielding a +0 spear
              (8 damage)
             ... on level 3 of the Dungeon.
             The game lasted 00:03:37 (3634 turns).

spaghetti the Ducker (Demigod Artificer)            Turns: 3634, Time: 00:03:38

Health: -1/34      AC:  3    Str: 13    XL:     4   Next: 17%
Magic:  6/6        EV: 13    Int: 13    God:
Gold:   96         SH:  0    Dex: 18    Spells: 3/3 levels left

rFire   . . .      SeeInvis .   k - +3 dagger {short}
rCold   . . .      Faith    .   (no shield)
rNeg    . . .      Spirit   .   b - +0 leather armour
rPois   .          Reflect  .   (no helmet)
rElec   .          Harm     .   (no cloak)
rCorr   .          Rampage  .   (no gloves)
Will    .....                   (no boots)
Stlth   ++........              (no amulet)
HPRegen 0.11/turn               (no ring)
MPRegen 0.10/turn               (no ring)

@: no status effects
A: high MP 1, forlorn, divine attributes
a: no special abilities


You were on level 3 of the Dungeon.
You visited 1 branch of the dungeon, and saw 3 of its levels.

You collected 96 gold pieces.


Innate Abilities, Weirdness & Mutations

You have an increased reservoir of magic. (+10% MP)
You shall have no god before yourself.
Your divine heritage dramatically boosts your attributes as you level up.


   Skills:
 - Level 0.8 Fighting
 - Level 1.7 Armour
 + Level 3.9 Dodging
 - Level 0.8 Stealth
 - Level 2.6 Evocations


You had 3 spell levels left.
You didn't know any spells.
Your spell library was empty.

Inventory:

Hand Weapons
 a - a +0 club {mace}
 j - a +1 dagger of holy wrath {short}
   (You took it off a kobold on level 1 of the Dungeon)
 k - a +3 dagger (weapon) {short}
   (You took it off a goblin on level 2 of the Dungeon)
Missiles
 h - 105 stones {throwing}
 n - 3 poisoned darts {throwing}
Armour
 b - a +0 leather armour (worn)
Magical Staves
 l - a staff of cold {!astaff}
   (You found it on level 2 of the Dungeon)
Wands
 c - a wand of flame (8) (quivered)
 d - a wand of charming (14)
 e - a wand of iceblast (9)
 g - a wand of mindburst (13)
   (You found it on level 2 of the Dungeon)
Potions
 f - 3 potions of flight {unknown}
 i - a potion of curing {unknown}
 m - a potion of heal wounds {unknown}

Dungeon Overview and Level Annotations

Branches:
Dungeon (3/15)

#########
........#############
........(...........#
......g.##########.##
#######@# #.# #g# #<#
#.# ### #.# #.# #.#
#.# #.#


You could see 2 gnolls.


Message History

😕 HP[-3]
You take 3 damage, and now have 29/34 hp.
The frilled lizard unfolds its giant frill.
The frilled lizard completely misses you.
Things that are here:
a +0 dagger {short}; a goblin corpse You hit the frilled lizard.
You kill the frilled lizard!
h - 80 stones {throwing} (gained 26) Key pressed, stopping explore.
Found a stone staircase leading down. 😎 HP[+5]
Your hp is fully restored (34).
A kobold comes into view. It is wielding a +0 short sword.
The kobold barely misses you.
You hit the kobold.
You kill the kobold!
No target in view!
No target in view!
No target in view!
No target in view!
No target in view!
No target in view!
No target in view!
No target in view!
No target in view!
No target in view!
h - 84 stones {throwing} (gained 4)
You see here a +0 short sword {short}.
You now have 96 gold pieces (gained 13).
f - 3 murky black potions (gained 2)
h - 105 stones {throwing} (gained 21) Key pressed, stopping explore.
You see here a +0 short sword {short}.
Key pressed, stopping explore.
No target in view!
Key pressed, stopping explore.
Key pressed, stopping explore.
Done exploring.
Done exploring.
Done exploring.
Done exploring.
Done exploring.
(D) Dungeon
Where to? (Enter - D:2, ? - help)
There is a stone staircase leading down here.
You climb downwards.
There is a stone staircase leading up here.
Unknown command.
Unknown command.
A goblin and 2 gnolls come into view.
The goblin shouts!
The gnoll shouts!
The gnoll throws a throwing net.
The throwing net barely misses you.
A gnoll comes into view. It is wielding a +0 spear.
You see here a throwing net {=f!fthrowing}.
There are monsters nearby!
There are monsters nearby!
The gnoll shouts!
The gnoll misses you.
You hit the gnoll. The gnoll barely misses you.
You hit the gnoll. The gnoll closely misses you.
You barely miss the gnoll.
The gnoll hits you with a +0 halberd! 😕 HP[-8]
You take 8 damage, and now have 26/34 hp.
MASSIVE DAMAGE!! (PAUSE)
You hit the gnoll. The gnoll closely misses you.
You hit the gnoll.
The gnoll hits you with a +0 halberd! 😮 HP[-7]
You take 7 damage, and now have 19/34 hp.
MASSIVE DAMAGE!! (PAUSE)
You hit the gnoll. The gnoll misses you.
You hit the gnoll.
You kill the gnoll! 😮 HP[+1]
You hit the goblin. The goblin closely misses you.
You barely miss the goblin. The goblin hits you but does no damage.
You closely miss the goblin. The goblin barely misses you.
You completely miss the goblin. The goblin hits you but does no damage.
You hit the goblin.
You kill the goblin!
You closely miss the gnoll. The gnoll barely misses you.
The gnoll closely misses you.
Things that are here:
a +0 club {mace}; a +0 halberd {polearm}; a throwing net {=f!fthrowing} You hit the gnoll but do no damage.
The gnoll hits you with a +0 spear!
* * * LOW HITPOINT WARNING * * *
The gnoll hits you with a +0 club.
* * * LOW HITPOINT WARNING * * *
😨 HP[-10]
You take 10 damage, and now have 10/34 hp.
MASSIVE DAMAGE!! (PAUSE)
You hit the gnoll.
The gnoll barely misses you. x2 😨 HP[+1]
You barely miss the gnoll. The gnoll closely misses you.
The gnoll hits you with a +0 club.
* * * LOW HITPOINT WARNING * * *
😱 HP[-4]
You take 4 damage, and now have 7/34 hp.
You hit the gnoll. The gnoll hits you with a +0 spear!
You die...

Skill      XL: |  1  2  3 |
---------------+----------+-----
Dodging        | 2 3 |  3.9
Fighting       | |  0.8
Armour         | |  1.7
Stealth        | |  0.8
Evocations     | |  2.6

Action                   |  1- 3 |  4- 6 || total
-------------------------+-------+-------++-------
Melee: Club              |    86 |       ||    86
       Dagger            |   153 |    21 ||   174
       Punch             |     2 |       ||     2
Evoke: Wand              |     8 |       ||     8
  Use: Potion            |     2 |       ||     2
       Scroll            |     1 |       ||     1
 Stab: Sleeping          |     2 |       ||     2
Armor: Leather armour    |    68 |     3 ||    71
Dodge: Dodged            |   177 |    15 ||   192

Levels and vault maps discovered:
D:1:      heliophobic_arrival_enchanted_forest, layout_loops_cross,
          nicolae_ecumenical_snake_handling, minmay_tetromino_s4
D:2:      layout_rooms
D:3:      layout_basic, minmay_misc_feat_roman, chequers_serial_rivers_room_b,
          lemuel_old_faithful

Notes
Turn   | Place    | Note
-------+----------+-------------------------------------------
     0 | D:1      | spaghetti the Demigod Artificer began the quest for the
                  | Orb.
     0 | D:1      | Reached XP level 1. HP: 15/15 MP: 3/3
     0 | D:1      | magus.rc [v1.9.6]
    23 | D:1      | Reached skill level 1 in Dodging
   488 | D:1      | Reached skill level 2 in Dodging
   494 | D:1      | HP: 1/15 [jackal (3)]
   496 | D:1      | Reached XP level 2. HP: 2/22 MP: 4/4
  1664 | D:1      | Reached XP level 3. HP: 10/27 MP: 5/5
  1907 | D:1      | Reached skill level 3 in Dodging
  2133 | D:2      | HP: 5/27 [quokka (3)]
  2142 | D:2      | HP: 4/27 [quokka (1)]
  2147 | D:2      | HP: 1/27 [goblin/+0 club (4)]
  3381 | D:2      | Reached XP level 4. HP: 34/34 MP: 6/6
  3633 | D:3      | HP: 7/34 [gnoll/+0 club (4)]
  3634 | D:3      | Slain by a gnoll

Vanquished Creatures
  A gnoll (D:3)
  2 adders (D:2)
  A worm (D:2)
  A dart slug (D:1)
  4 ball pythons (D:1)
  3 bats (D:1)
  4 endoplasms
  6 goblins
  7 hobgoblins (D:1)
  5 jackals (D:1)
  3 quokkas
  5 frilled lizards
  8 kobolds
  5 rats
55 creatures vanquished.

Vanquished Creatures (collateral kills)
  A goblin (D:2)
1 creature vanquished.

Grand Total: 56 creatures vanquished

Table legend:
 A = Non-vault XP
 B = Vault XP
 C = Vault XP percentage of total XP
 D = Non-vault monster count
 E = Vault monster count
 F = Vault count percentage of total count
                 A         B        C        D         E       F
            +---------+---------+-------+---------+---------+-------
      Total |     131 |       5 |   3.7 |      53 |       3 |   5.4
            +---------+---------+-------+---------+---------+-------
        D:1 |      57 |       5 |   8.1 |      32 |       3 |   8.6
        D:2 |      58 |       0 |   0.0 |      19 |       0 |   0.0
        D:3 |      16 |       0 |   0.0 |       2 |       0 |   0.0
            +---------+---------+-------+---------+---------+-------

Illustrated notes

Table legend:
 A = Kills in this place as a percentage of kills in entire the game.
 B = Kills by you in this place as a percentage of kills by you in the entire game.
 C = Kills by friends in this place as a percentage of kills by friends in the entire game.
 D = Other kills in this place as a percentage of other kills in the entire game.
 E = Experience gained in this place as a percentage of experience gained in the entire game.
 F = Experience gained in this place divided by the number of levels of this place that you have seen.
                   A       B       C       D       E      F
               +-------+-------+-------+-------+-------+----------------------
         Total | 100.0 | 100.0 | 100.0 |   N/A | 100.0 |  45.3
       Dungeon | 100.0 | 100.0 | 100.0 |   N/A | 100.0 |  45.3
               +-------+-------+-------+-------+-------+----------------------

Table legend: (Time is in decaauts)
 A = Elapsed time spent in this place.
 B = Non-inter-level travel time spent in this place.
 C = Inter-level travel time spent in this place.
 D = Time resting spent in this place.
 E = Time spent auto-exploring this place.
 F = Levels seen in this place.
 G = Mean time per level.
                   A        B        C        D        E       F      G
               +--------+--------+--------+--------+--------+-----+--------+
         Total |   3659 |   3620 |     39 |   1519 |   1604 |   3 | 1219.7 |
       Dungeon |   3659 |   3620 |     39 |   1519 |   1604 |   3 | 1219.7 |
               +--------+--------+--------+--------+--------+-----+--------+

Top non-repeatable levels by time:
     D:1: 2379 daAuts
     D:2: 1247 daAuts
     D:3: 31 daAuts
